 Dungeon Crawl Stone Soup version 0.18-b1-18-g7758cf2 (webtiles) character file.

114 Inkary the Skirmisher (level 4, -9/63 HPs)
             Began as a Minotaur Fighter on May 3, 2016.
             Killed by divine providence
             ... invoked by an orc priest
              (11 damage)
             ... on level 3 of the Dungeon.
             The game lasted 00:05:12 (1536 turns).

Inkary the Skirmisher (Minotaur Fighter)            Turns: 1536, Time: 00:05:15

Health: -9/63      AC: 22    Str: 21    XL:     4   Next: 67%
Magic:  12/12      EV:  2    Int:  5    God:
Gold:   106        SH:  9    Dex: 10    Spells: 0 memorised, 3 levels left

rFire  . . .     SeeInvis .     n - -2 mace (curse)
rCold  . . .     Gourm    .     (armour currently unavailable)
rNeg   + + +     Faith    .     c - +0 shield
rPois  +         Spirit   .     (helmet currently unavailable)
rElec  .         Dismiss  .     (cloak currently unavailable)
rCorr  .         Reflect  .     (gloves currently unavailable)
SustAt .         Harm     .     (boots currently unavailable)
MR     .....     NoTele   +     (no amulet)
Stlth  ++........               i - ring of stealth
                                e - ring of magical power

@: tree-form, drained, not resistant to hostile enchantments, unstealthy
A: (retaliatory headbutt), (horns 0), (cold resistance 0), deterioration 1,
mutation resistance 1
a: no special abilities


You were on level 3 of the Dungeon.
You were not hungry.
You were a tree.
You visited 1 branch of the dungeon, and saw 3 of its levels.

You collected 106 gold pieces.

Inventory:

Hand Weapons
 a - a +0 war axe
 n - a cursed -2 mace (weapon)
Armour
 b - a +0 scale mail (melded)
 c - a +0 shield (worn)
 g - a +0 pair of gloves (melded)
Jewellery
 e - a ring of magical power (left branch)
 i - a ring of stealth (right branch)
Scrolls
 m - a scroll of teleportation {unknown}
Potions
 d - a potion of might
 h - 4 potions of heal wounds {unknown}
 j - a potion of lignification
Comestibles
 f - 3 bread rations
 k - a meat ration
 l - 7 chunks of flesh


   Skills:
 + Level 5.0(4.8) Fighting
 + Level 3.4(3.1) Axes
 + Level 4.4(4.2) Armour
 + Level 4.3(4.0) Shields


You had 3 spell levels left.
You didn't know any spells.

Dungeon Overview and Level Annotations

Branches:
Dungeon (3/15)

Altars:


Innate Abilities, Weirdness & Mutations

((You reflexively headbutt those who attack you in melee.))
((You have a pair of horns on your head.))
((Your flesh is cold resistant.))
Your body sometimes deteriorates upon taking damage.
You are somewhat resistant to further mutation.


Message History

You hit the orc. Your headbutt misses the orc.
The orc is heavily wounded.
The orc priest hits you from afar with a trident!
The orc hits you but does no damage. You block the orc priest's attack.
You closely miss the orc.
The orc is heavily wounded.
The orc hits you but does no damage.
The orc priest mumbles some strange prayers to Beogh against you.
Beogh smites you!
* * * LOW HITPOINT WARNING * * *
You are too injured to fight recklessly!
Unknown command.
Drink which item? (? for menu, Esc to quit)
You turn into a tree.
Your +0 pair of gloves melds into your body.
Your +0 scale mail melds into your body.
Your roots penetrate the ground.
You block the orc's attack.
The orc priest mumbles some strange prayers to Beogh against you.
Beogh smites you!
You die...

#.# #.# ..
###.######## ...
#..........###...
#.#..##.#........
...#..## [....
### #.<.# o..
##..####o#
#....♣oo#
##.###### #.# #.#
..# ... #.## #.


You could see an orc priest and 2 orcs.

Vanquished Creatures
  Crazy Yiuf (D:2)
  An adder (D:3)
  2 oozes
  A worm (D:2)
  A giant gecko (D:1)
  2 orcs (D:3)
  3 bats (D:1)
  6 giant cockroaches
  9 goblins
  10 hobgoblins
  5 kobolds
  4 quokkas (D:2)
  A ball python (D:1)
  4 giant newts
  2 rats
52 creatures vanquished.

Notes
Turn   | Place    | Note
--------------------------------------------------------------
     0 | D:1      | Inkary the Minotaur Fighter began the quest for the Orb.
     0 | D:1      | Reached XP level 1. HP: 19/19 MP: 0/0
    71 | D:1      | Reached skill level 4 in Fighting
    71 | D:1      | Reached XP level 2. HP: 27/27 MP: 1/1
   249 | D:1      | Reached XP level 3. HP: 29/34 MP: 2/2
   512 | D:2      | Found a faded altar to an unknown god.
  1156 | D:2      | Noticed Crazy Yiuf
  1163 | D:2      | Killed Crazy Yiuf
  1163 | D:2      | Reached skill level 5 in Fighting
  1163 | D:2      | Reached XP level 4. HP: 4/42 MP: 3/3
  1176 | D:2      | Gained mutation: Your body sometimes deteriorates upon taking damage. [potion of mutation]
  1176 | D:2      | Gained mutation: Your flesh is cold resistant. [potion of mutation]
  1176 | D:2      | Gained mutation: You are somewhat resistant to further mutation. [potion of mutation]
  1535 | D:3      | HP: 1/42 [orc priest/divine providence (13)]
  1536 | D:3      | Killed from afar by an orc priest

Skill      XL: |  1  2  3 |
---------------+----------+-----
Fighting       | 4 5 |  5.0
Armour         | 4 |  4.4
Axes           | 3 |  3.4
Shields        | 4 |  4.3

Action                   |  1- 3 |  4- 6 || total
-------------------------+-------+-------++-------
Melee: War axe           |    85 |       ||    85
       Headbutt          |     9 |     3 ||    12
       Mace              |       |    33 ||    33
  Use: Scroll            |       |     2 ||     2
       Potion            |       |     2 ||     2
  Eat: Chunk             |     1 |     1 ||     2
Armor: Scale mail        |    44 |    41 ||    85
Dodge: Dodged            |    34 |    21 ||    55
Block: Shield            |    45 |    37 ||    82
